cohdb
Replays
Latest Replays
All Replays
Popular Replays
Top Player Replays
Match Explorer
How It Works
Community
CoH3 Stats
Reddit
Sign in to upload your games and track your stats! →
Sign in with Steam
Match 42745449
Unlisted
Match 42745449
Overview
Messages
Build Orders
End
Selects Italian Combined Arms Battlegroup
Selects Bersaglieri Squad
Bersaglieri Squad
250 Light Carrier
Bersaglieri Squad
Bersaglieri Squad
Selects Bersaglieri Bolster
Construct Light Support Kompanie
2.5-tonne Medical Truck
Bersaglieri Squad
Fire Support Elements
Combat Half-tracks
Selects Breda Model 30 Light Machine Guns
Flakvierling Half-track
Pak 38 Mechanized Group
Selects Semovente da 75/18 Assault Gun
Selects Strafing Run
Construct Panzerarmee Kommand
MisakaKenshin
322735
Hyperion
Tuqiu
ßoo
NEED HELP
Snazzzzy
leolai
0
0
Comments
sign in to comment!
No comments posted yet!